 Dungeon Crawl Stone Soup version 0.23-a0-378-gd7a6ca6 (webtiles) character file.

1635 MisterFreud the Nimble (level 8, -11/34 HPs)
             Began as a Felid Transmuter on Oct 27, 2018.
             Was an Elder of Cheibriados.
             Killed by the air
             ... invoked by Gastronok
              (20 damage)
             ... on level 8 of the Dungeon.
             The game lasted 00:27:34 (9279 turns).

MisterFreud the Nimble (Felid Transmuter)           Turns: 9279, Time: 00:27:35

Health: -11/34     AC:  4    Str: 17    XL:     8   Next: 66%
Magic:  9/14       EV: 27    Int: 26    God:    Cheibriados [****..]
Gold:   484        SH:  0    Dex: 27    Spells: 1/12 levels left
                                        Lives:  0   Deaths: 2

rFire    . . .     SeeInvis +     - Unarmed
rCold    . . .     Gourm    .   (shield unavailable)
rNeg     . . .     Faith    .   (armour unavailable)
rPois    +         Spirit   .   (helmet unavailable)
rElec    .         Reflect  .   (cloak unavailable)
rCorr    .         Harm     .   (gloves unavailable)
MR       +....                  (boots unavailable)
Stlth    ++++......             (no amulet)
HPRegen  0.11/turn              h - +2 ring of protection
MPRegen  0.14/turn              t - ring of poison resistance

@: slowed, very slow
A: very small, no armour, no weapons or thrown items, stealth, claws 1, fangs 3,
see invisible, carnivore, speed 1, shaggy fur 2, slow metabolism 1, sharp paws
a: Bend Time, Temporal Distortion, Slouch, Renounce Religion


You were on level 8 of the Dungeon.
You worshipped Cheibriados.
Cheibriados was greatly pleased with you.
You were not hungry.

You visited 2 branches of the dungeon, and saw 9 of its levels.
You also visited: Sewer.

You collected 484 gold pieces.

Inventory:

Missiles
 a - 71 arrows
Jewellery
 h - a +2 ring of protection (left paw)
 t - a ring of poison resistance (right paw)
 y - an uncursed amulet of harm {unknown}
Wands
 j - a wand of paralysis (19)
 m - a wand of iceblast (5)
 r - a wand of polymorph (25)
 w - a wand of flame (10)
Scrolls
 b - 3 scrolls of magic mapping
 g - a scroll of random uselessness {unknown}
 i - a scroll of enchant armour {unknown}
 k - 4 scrolls of blinking
 q - a scroll of identify
 s - a scroll of amnesia
 u - 3 scrolls of remove curse
 v - a scroll of torment {unknown}
 x - a scroll of vulnerability {unknown}
Potions
 d - 2 potions of agility
 e - 6 potions of flight
 f - 2 potions of might
 l - 5 potions of curing
 n - 2 potions of brilliance
 o - a potion of resistance
 p - a potion of cancellation
 z - a potion of invisibility {unknown}
Comestibles
 c - 15 rations


   Skills:
 - Level 3.3 Fighting
 - Level 8.0 Dodging
 - Level 5.0 Stealth
 - Level 6.0 Unarmed Combat
 + Level 2.8 Spellcasting
 + Level 5.6 Transmutations
 + Level 7.8 Invocations
 + Level 5.2 Evocations


You had one spell level left.
You knew the following spells:

 Your Spells              Type           Power        Failure   Level  Hunger
a - Beastly Appendage     Tmut           ####..       1%          1    None
b - Sticks to Snakes      Tmut           ####....     1%          2    ##.....
c - Spider Form           Tmut/Pois      ###.......   9%          3    ###....
d - Blade Hands           Tmut           ####......   26%         5    ######.

Your spell library contained the following spells:

 Spells                   Type           Power        Failure   Level  Hunger
 Ice Form                 Ice/Tmut       ###.....     30%         4    ####...


Dungeon Overview and Level Annotations

Branches:
Dungeon (8/15)             Temple (1/1) D:5
   Lair: D:8-11

Altars:
Ashenzari
Cheibriados
Dithmenos
Elyvilon
Gozag
Hepliaklqana
Makhleb
Nemelex Xobeh
Okawaru
Ru
Uskayaw
Xom

Shops:
D:4 (   D:6 %   D:7 :

Annotations:
D:8 Gastronok


Innate Abilities, Weirdness & Mutations

You cannot wear armour.
You are incapable of wielding weapons or throwing items.
Your paws allow you to move quietly. (Stealth)
You have sharp claws.
You have razor-sharp teeth.
You have supernaturally acute eyesight. (SInv)
You are carnivorous and can eat meat at any time.
You cover ground quickly.
You are covered in thick fur. (AC +2)
You have a slow metabolism.
Your sharp claws are effective at attacking unaware monsters.


Message History

Found 16 gold pieces.
You now have 484 gold pieces (gained 16).
Found 23 stones.
Gastronok looks at you while chanting.
You feel yourself slow down.
Gastronok waves his eye-stalks in wide circles.
The air twists around and strikes you!
Ouch! That really hurt!
* * * LOW HITPOINT WARNING * * *
A wight comes into view. It is wielding a +2 great sword.
You can feel time thicken for a moment.
You destroy the wight!
Cheibriados appreciates the change of pace.
You feel somewhat more hungry.
You can no longer step out of the time flow.
Cheibriados lowers the support of your attributes as your movement quickens.
Gastronok waves his eye-stalks in wide circles.
The air twists around and strikes you!
Ouch! That really hurt!
You die...

######### #........
#....w... #........
#........ . #........
... #########........
...).###......w.........
.......@................
####.............#######
#.........(...#
#.............#
#.............#
#.............#
#....########## #....#


You could see Gastronok.

Vanquished Creatures
  Pikel (D:7)
  Joseph (D:7)
  A hippogriff (D:8)
  3 orc warriors (D:7)
  A sky beast (D:6)
  An ice beast (D:8)
  An ogre (D:8)
  A centaur (D:7)
  A necrophage (D:6)
  5 bullfrogs
  A scorpion (D:7)
  A wight (D:8)
  2 crimson imps
  3 hounds
  A jelly (D:8)
  A centaur zombie (D:6)
  4 orc priests
  7 orc wizards
  Crazy Yiuf (D:2)
  2 centaur skeletons
  Jessica (D:3)
  2 bullfrog skeletons
  2 iguanas (D:5)
  Natasha (thrice) (D:4 D:7)
  8 worker ants
  17 adders
  A shadow imp (D:6)
  13 oozes
  An adder skeleton (D:6)
  A worm (D:3)
  2 dart slugs
  14 leopard geckos
  17 orcs
  11 ball pythons
  18 giant cockroaches
  6 goblins
  8 hobgoblins
  2 jackals (D:4)
  3 quokkas
  12 bats
  15 frilled lizards
  5 kobolds
  15 rats
216 creatures vanquished.

Vanquished Creatures (collateral kills)
  A bullfrog (D:4)
  A hound (D:4)
  2 adders (D:2)
  2 worms (D:2)
  A ball python (D:4)
  A kobold (D:2)
8 creatures vanquished.

Grand Total: 224 creatures vanquished

Notes
Turn   | Place    | Note
-------+----------+-------------------------------------------
     0 | D:1      | MisterFreud the Felid Transmuter began the quest for the
                  | Orb.
     0 | D:1      | Reached XP level 1. HP: 9/9 MP: 4/4
    75 | D:1      | Reached skill level 1 in Stealth
   218 | D:1      | Reached XP level 2. HP: 7/12 MP: 4/6
   964 | D:1      | Reached XP level 3. HP: 13/15 MP: 5/7
  1430 | D:2      | Learned a level 2 spell: Sticks to Snakes
  1434 | D:2      | Learned a level 3 spell: Spider Form
  1578 | D:2      | Reached skill level 5 in Stealth
  2171 | D:2      | Reached XP level 4. HP: 15/19 MP: 8/8
  2334 | D:2      | Found a runed door.
  2612 | D:2      | Noticed Crazy Yiuf
  2625 | D:2      | Killed Crazy Yiuf
  3142 | D:3      | Noticed Jessica
  3151 | D:3      | Killed Jessica
  3151 | D:3      | Reached XP level 5. HP: 20/24 MP: 7/9
  4150 | D:4      | Gained mutation: You are covered in thick fur. (AC +2)
                  | [Felid growth]
  4150 | D:4      | Reached XP level 6. HP: 26/28 MP: 4/10
  4200 | D:4      | Noticed Natasha
  4203 | D:4      | Killed Natasha
  4253 | D:4      | Found Jafeunia's Weapon Shoppe.
  4432 | D:5      | Entered Level 5 of the Dungeon
  4485 | D:5      | Found a staircase to the Ecumenical Temple.
  4500 | Temple   | Entered the Ecumenical Temple
  4528 | Temple   | Became a worshipper of Cheibriados the Contemplative
  5004 | D:5      | Reached skill level 5 in Unarmed Combat
  5741 | D:6      | Found a glowing drain.
  5759 | D:6      | Reached XP level 7. HP: 18/31 MP: 7/11
  5778 | Sewer    | Entered a sewer
  5984 | Sewer    | Reached * piety under Cheibriados
  6302 | Sewer    | Reached ** piety under Cheibriados
  6451 | Sewer    | Reached *** piety under Cheibriados
  6451 | Sewer    | Reached skill level 3 in Dodging
  6451 | Sewer    | Reached skill level 1 in Invocations
  6460 | Sewer    | Reached skill level 4 in Dodging
  6552 | D:6      | Reached skill level 5 in Dodging
  6747 | D:6      | Reached XP level 8. HP: 34/34 MP: 8/12
  6797 | D:6      | Slain by an orc priest
  6798 | D:6      | Reached XP level 7. HP: -2/31 MP: 9/11
  6800 | D:6      | Reached skill level 6 in Dodging
  7036 | D:6      | Found Mushre's Food Boutique.
  7140 | D:6      | Found a hazy altar of Hepliaklqana.
  7242 | D:6      | Reached skill level 7 in Dodging
  7358 | D:7      | Noticed Natasha
  7370 | D:7      | Killed Natasha
  7370 | D:7      | Reached **** piety under Cheibriados
  7631 | D:7      | Reached skill level 8 in Dodging
  7636 | D:7      | Reached XP level 8. HP: 34/34 MP: 9/12
  7719 | D:7      | Noticed Natasha
  7727 | D:7      | Killed Natasha
  7738 | D:7      | Reached skill level 5 in Invocations
  7757 | D:7      | Found Xifoew's Book Shoppe.
  7920 | D:7      | Learned a level 5 spell: Blade Hands
  8063 | D:7      | Noticed Pikel
  8082 | D:7      | Killed Pikel
  8082 | D:7      | Reached skill level 5 in Transmutations
  8203 | D:7      | Reached XP level 9. HP: 25/38 MP: 8/15
  8327 | D:7      | Noticed Joseph
  8339 | D:7      | Killed Joseph
  8339 | D:7      | Reached ***** piety under Cheibriados
  8782 | D:8      | Noticed Gastronok
  8791 | D:8      | Reached skill level 5 in Evocations
  8796 | D:8      | Killed from afar by Gastronok
  8797 | D:8      | Reached XP level 8. HP: -2/34 MP: 12/14
  8861 | D:8      | HP: 1/34 [Gastronok/the air (33)]
  9279 | D:8      | Killed from afar by Gastronok

Vault maps used:
D:1:      dpeg_arrival_lava_temple_mockup
D:2:      uniq_crazy_yiuf_cottage
D:3:      uniq_jessica
D:4:      serial_shops, nicolae_shop_window_shopping, first_ration, uniq_natasha
D:5:      minmay_temple_entry_glass, guppyfry_early_lair_pool
D:6:      marbit_many_paths, serial_shops, kennysheep_little_box,
          gup_sewer_entry_glass, corexii_leaking_fountain
D:7:      cheibrodos_barr_body, serial_shops, shop, uniq_pikel, uniq_joseph
D:8:      the_bakery, nicolae_dithmenos_shadow_blocks, uniq_maurice,
          uniq_gastronok
Temple:   compressed_dpeg_circular_temple
Sewer:    sewer_frog_island_02

Skill      XL: |  1  2  3  4  5  6  7  8  9 |
---------------+----------------------------+-----
Stealth        | 2 4 5 |  5.0
Fighting       | 3 |  3.3
Transmutations | 3 4 5 |  5.6
Unarmed Combat | 5 6 |  6.0
Dodging        | 8 |  8.0
Invocations    | 4 6 7 |  7.8
Evocations     | 2 5 |  5.2
Spellcasting   | |  2.8

Action                   |  1- 3 |  4- 6 |  7- 9 || total
-------------------------+-------+-------+-------++-------
Melee: Unarmed           |   114 |   131 |   395 ||   640
       Headbutt          |    19 |    22 |       ||    41
       Bite              |     9 |     7 |     3 ||    19
       Punch             |     1 |       |     5 ||     6
 Cast: Beastly Appendage |    31 |    26 |       ||    57
       Sticks to Snakes  |     6 |    11 |       ||    17
       Spider Form       |       |     1 |    51 ||    52
Invok: Temporal Distorti |       |       |     1 ||     1
       Slouch            |       |       |     1 ||     1
Evoke: Wand              |       |       |     2 ||     2
  Use: Scroll            |     2 |    11 |     5 ||    18
       Potion            |       |     1 |     3 ||     4
 Stab: Sleeping          |    12 |    13 |     6 ||    31
  Eat: Chunk             |    11 |     8 |    16 ||    35
Armor: Skin              |    10 |    12 |    63 ||    85
Dodge: Dodged            |   105 |    90 |   438 ||   633

Table legend:
 A = Non-vault XP
 B = Vault XP
 C = Vault XP percentage of total XP
 D = Non-vault monster count
 E = Vault monster count
 F = Vault count percentage of total count
                 A         B        C        D         E       F
            +---------+---------+-------+---------+---------+-------
      Total |    3084 |    2058 |  40.0 |     147 |      77 |  34.4
            +---------+---------+-------+---------+---------+-------
        D:1 |      54 |       0 |   0.0 |      30 |       0 |   0.0
        D:2 |      74 |      36 |  32.7 |      26 |       1 |   3.7
        D:3 |      25 |      37 |  59.7 |      13 |       1 |   7.1
        D:4 |     218 |      33 |  13.1 |      12 |       1 |   7.7
        D:5 |     197 |      27 |  12.1 |       7 |       2 |  22.2
        D:6 |     714 |      34 |   4.5 |      20 |       6 |  23.1
        D:7 |     942 |    1515 |  61.7 |      28 |      10 |  26.3
        D:8 |     860 |       0 |   0.0 |      11 |       0 |   0.0
      Sewer |       0 |     376 | 100.0 |       0 |      56 | 100.0
            +---------+---------+-------+---------+---------+-------
